 Dungeon Crawl Stone Soup version 0.32-a0-306-gfed3edf829 (webtiles) character file.

Game seed: 11038625216050220710

476 MachoJfn the Magician (level 7, -6/45 HPs)
             Began as a Djinni Fire Elementalist on Feb 14, 2024.
             Was an Initiate of Dithmenos.
             Mangled by a +0 glaive of flaming (17 damage)
             ... created by the rancor of the Wu Jian Council
             ... on level 5 of the Dungeon.
             The game lasted 00:07:56 (7646 turns).

MachoJfn the Magician (Djinni Fire Elementalist)    Turns: 7646, Time: 00:07:57

Health: -6/45      AC:  2    Str:  7    XL:     7   Next: 32%
Gold:   251        EV: 13    Int: 18    God:    Dithmenos [......] SH:  0 Dex: 14

rFire   + + .        (no weapon)
rCold   x . .        (no shield)
rNeg    . . .        a - +0 robe
rPois   ∞            (no helmet)
rElec   .            (no cloak)
rCorr   .            (no gloves)
SInv    .            (boots unavailable)
Will    .....        (no amulet)
Stlth   ++           (no ring)
HPRegen 0.27/turn    (no ring)
MPRegen 0.00/turn

%: infuse magic (-7 HP)
@: flying, slowed, very slow
A: sickness immunity, fire resistance 2, cold vulnerability 1, float, innate
caster, HP casting, extra vitality 1
a: Renounce Religion


You were on level 5 of the Dungeon.
You worshipped Dithmenos.
Dithmenos was noncommittal.
You visited 1 branch of the dungeon, and saw 5 of its levels.

You collected 251 gold pieces.

Inventory:

Missiles
 d - 79 stones
 u - 6 darts of dispersal
Armour
 a - a +0 robe (worn)
Wands
 r - a wand of flame (21)
 s - a wand of polymorph (12)
Scrolls
 b - 2 scrolls of teleportation {unknown}
 c - a scroll of immolation {unknown}
 g - a scroll of noise {unknown}
 h - a scroll of blinking {unknown}
 k - 2 scrolls of revelation {unknown}
 m - 2 scrolls of vulnerability {unknown}
 o - 5 scrolls of identify {unknown}
 q - a scroll of amnesia {unknown}
 t - a scroll of torment {unknown}
Potions
 e - 3 potions of might {unknown}
 f - 2 potions of brilliance {unknown}
 i - a potion of lignification {unknown}
 j - a potion of enlightenment {unknown}
 l - a potion of degeneration {unknown}
 n - 2 potions of curing {unknown}
 p - a potion of berserk rage {unknown}


   Skills:
 + Level 3.2 Dodging
 + Level 3.2 Stealth
 * Level 5.6 Spellcasting
 * Level 5.6 Conjurations
 * Level 5.6 Hexes
 * Level 5.6 Summonings
 * Level 5.6 Necromancy
 * Level 5.6 Translocations
 * Level 5.6 Fire Magic
 * Level 5.6 Ice Magic
 * Level 5.6 Air Magic
 * Level 5.6 Earth Magic
 * Level 5.6 Alchemy


You knew the following spells:

 Your Spells              Type           Power      Damage    Failure   Level
a - Foxfire               Conj/Fire      100%       2x1d9     1%          1
b - Scorch                Fire           50%        2d7       1%          2
c - Volatile Blastmotes   Fire/Tloc      50%        2d14      3%          3
d - Inner Flame           Hex/Fire       25%        N/A       3%          3
e - Flame Wave            Conj/Fire      25%        2d8       12%         4
f - Kiss of Death         Conj/Necr      100%       2d13      1%          1
g - Momentum Strike       Conj/Tloc      50%        3d9       1%          2
h - Ozocubu's Armour      Ice            25%        N/A       3%          3
Your spell library was empty.

Dungeon Overview and Level Annotations

Branches:
Dungeon (5/15)
 Temple: D:4-7

Altars:
Dithmenos
Trog
Wu Jian


Innate Abilities, Weirdness & Mutations

You are immune to sickness and miasma.
You are immune to poison.
Your flesh is very heat resistant. (rF++)
You are vulnerable to cold. (rC-)
You float through the air rather than walking.
You learn spells naturally, not from books.
Your magical power is your life essence.
You have superior vitality. (+4 MHP)


Message History

Casting: Scorch (safe; 1% risk of failure)
Confirm with . or Enter, or press ? or * to list all spells.
Flames lash the gnoll sergeant.
The gnoll sergeant is burned terribly!
The gnoll sergeant is almost dead.
* * * LOW HITPOINT WARNING * * *
The gnoll sergeant hits you from afar with a +0 spear of venom!
* * * LOW HITPOINT WARNING * * *
Casting: Scorch (safe; 1% risk of failure)
Confirm with . or Enter, or press ? or * to list all spells.
Flames lash the gnoll sergeant.
The gnoll sergeant is burned terribly!
You kill the gnoll sergeant!
Dithmenos accepts your kill.
* * * LOW HITPOINT WARNING * * *
Unknown command.
You start resting.
Sifu Yunchang whispers: Nowhere to run... 5 dancing weapons come into view.
There is a +1 rapier of flaming.
There is a +1 broad axe of electrocution.
There is a +4 broad axe of flaming.
There is a +0 glaive of flaming.
There is a +1 great sword of freezing.
There are monsters nearby!
Casting: Scorch (safe; 1% risk of failure)
Confirm with . or Enter, or press ? or * to list all spells.
Flames lash the +1 rapier of flaming.
The +1 rapier of flaming resists.
The +1 rapier of flaming is lightly damaged.
The +1 rapier of flaming's fire resistance burns away.
Casting: Scorch (safe; 1% risk of failure)
Confirm with . or Enter, or press ? or * to list all spells.
Casting: Flame Wave (quite dangerous; 12% risk of failure)
Press: ? - help, Dir - look around, f - activate A wave of flame ripples out!
The flame wave engulfs the +1 rapier of flaming.
The +1 rapier of flaming resists.
The +1 rapier of flaming is moderately damaged.
The flame wave engulfs the +0 glaive of flaming.
The +0 glaive of flaming completely resists. (Press . to intensify the flame waves.)
* * * LOW HITPOINT WARNING * * *
The +1 rapier of flaming hits you.
* * * LOW HITPOINT WARNING * * *
The +0 glaive of flaming hits you!
You die...

##### #.).#
...# #...#
.#.# )). ≈...
# ##(## ≈.#
#§§##(@(##≈.#
#.≈≈≈§((§≈≈.#
...####......#
. ##..####
##.# #<# #.#
#.# #.#


You could see 5 dancing weapons.

Vanquished Creatures
  A gnoll sergeant (D:5)
  A scorpion (D:3)
  A bombardier beetle (D:3)
  Terence (D:2)
  9 gnolls
  3 adders
  2 dart slugs (D:4)
  7 ribbon worms
  4 orcs (D:4)
  4 ball pythons
  10 endoplasms
  3 giant cockroaches (D:1)
  5 goblins
  7 hobgoblins
  3 jackals (D:4)
  2 kobolds
  5 quokkas
  6 bats
  2 frilled lizards
  24 rats
100 creatures vanquished.

Vanquished Creatures (others)
  149 foxfires
149 creatures vanquished.

Grand Total: 249 creatures vanquished

Notes
Turn   | Place    | Note
-------+----------+-------------------------------------------
     0 | D:1      | MachoJfn the Djinni Fire Elementalist began the quest for
                  | the Orb.
     0 | D:1      | MachoJfn set off with the following spells memorised:
                  | Foxfire, Scorch, Volatile Blastmotes, Inner Flame, Flame
                  | Wave.
     0 | D:1      | Reached XP level 1. HP: 15/15 MP: 0/0
    91 | D:1      | Reached XP level 2. HP: 21/21 MP: 0/0
   371 | D:1      | Reached XP level 3. HP: 25/25 MP: 0/0
   371 | D:1      | Learned a level 1 spell: Kiss of Death
   731 | D:1      | Found a faded altar of an unknown god.
   738 | D:1      | Prayed at the altar of an unknown god.
   738 | D:1      | Became a worshipper of the Wu Jian Council
   738 | D:1      | Reached * piety under Wu Jian
  1209 | D:2      | Noticed Terence
  1212 | D:2      | Killed Terence
  1213 | D:2      | Reached XP level 4. HP: 26/31 MP: 0/0
  1500 | D:2      | Reached XP level 5. HP: 34/35 MP: 0/0
  1500 | D:2      | Learned a level 2 spell: Momentum Strike
  2508 | D:3      | Reached XP level 6. HP: 38/40 MP: 0/0
  2739 | D:3      | Reached ** piety under Wu Jian
  2762 | D:3      | Reached skill level 5 in Spellcasting
  2762 | D:3      | Reached skill level 5 in Conjurations
  2762 | D:3      | Reached skill level 5 in Hexes
  2762 | D:3      | Reached skill level 5 in Summonings
  2762 | D:3      | Reached skill level 5 in Necromancy
  2762 | D:3      | Reached skill level 5 in Translocations
  2762 | D:3      | Reached skill level 5 in Fire Magic
  2762 | D:3      | Reached skill level 5 in Ice Magic
  2762 | D:3      | Reached skill level 5 in Air Magic
  2762 | D:3      | Reached skill level 5 in Earth Magic
  2762 | D:3      | Reached skill level 5 in Alchemy
  3675 | D:4      | Found a bloodstained altar of Trog.
  3676 | D:4      | Found a shadowy altar of Dithmenos.
  3761 | D:4      | Fell from the grace of Wu Jian
  3761 | D:4      | Became a worshipper of Dithmenos the Shadowed
  7342 | D:4      | Fell from the grace of Dithmenos
  7388 | D:4      | Became a worshipper of Dithmenos the Shadowed
  7561 | D:5      | Entered Level 5 of the Dungeon
  7573 | D:5      | Reached XP level 7. HP: 37/45 MP: 0/0
  7573 | D:5      | Learned a level 3 spell: Ozocubu's Armour
  7645 | D:5      | Noticed a +1 rapier of flaming
  7645 | D:5      | Noticed a +1 broad axe of electrocution
  7645 | D:5      | Noticed a +4 broad axe of flaming
  7645 | D:5      | Noticed a +0 glaive of flaming
  7645 | D:5      | Noticed a +1 great sword of freezing
  7646 | D:5      | Mangled by a +0 glaive of flaming

Illustrated notes

Levels and vault maps discovered:
D:1:      dpeg_arrival_stone_temple_mockup, layout_loops_corners,
          basic_ecumenical_altar
D:2:      layout_basic, minmay_unequal, uniq_terence
D:3:      layout_loops_ring, serial_co_window_serial, co_window_cross_1,
          co_window_cross_1, co_window_paths_b, co_window_paths_b,
          co_window_of_opportunity_a, co_window_broadway_b, co_window_corner_b,
          co_window_paths_c, co_window_of_opportunity_c,
          co_window_of_opportunity_c, glass_columns_a, glass_columns_a,
          glass_columns_a, minmay_misc_feat_hallway, minmay_rat_hole
D:4:      layout_gridville, gammafunk_temple_overflow_pools
D:5:      layout_loops_ring, lightli_minifort

Skill      XL: |  1  2  3  4  5  6  7 |
---------------+----------------------+-----
Stealth        | 2 3 |  3.2
Dodging        | 3 |  3.2
Spellcasting   | 4 5 |  5.6
Conjurations   | 4 5 |  5.6
Hexes          | 4 5 |  5.6
Summonings     | 4 5 |  5.6
Necromancy     | 4 5 |  5.6
Translocations | 4 5 |  5.6
Fire Magic     | 4 5 |  5.6
Ice Magic      | 4 5 |  5.6
Air Magic      | 4 5 |  5.6
Earth Magic    | 4 5 |  5.6
Alchemy        | 4 5 |  5.6

Action                     |  1- 3 |  4- 6 |  7- 9 || total
---------------------------+-------+-------+-------++-------
   Cast: Foxfire           |    38 |   100 |       ||   138
         Scorch            |     5 |    28 |     5 ||    38
         Flame Wave        |       |     3 |     2 ||     5
Ability: Wall Jump         |       |     1 |       ||     1
 Armour: Robe              |     6 |     4 |     5 ||    15
  Dodge: Dodged            |     7 |    13 |     7 ||    27

Table legend: (Time is in decaauts)
 A = Elapsed time spent in this place.
 B = Non-inter-level travel time spent in this place.
 C = Inter-level travel time spent in this place.
 D = Time resting spent in this place.
 E = Time spent auto-exploring this place.
 F = Levels seen in this place.
 G = Mean time per level.
                   A        B        C        D        E       F      G
               +--------+--------+--------+--------+--------+-----+--------+
         Total |   7646 |   7233 |    413 |   3762 |   2985 |   5 | 1529.2 |
       Dungeon |   7646 |   7233 |    413 |   3762 |   2985 |   5 | 1529.2 |
               +--------+--------+--------+--------+--------+-----+--------+

Top non-repeatable levels by time:
     D:4: 4424 daAuts
     D:3: 1214 daAuts
     D:1: 1182 daAuts
     D:2: 739 daAuts
     D:5: 85 daAuts
